 Dungeon Crawl Stone Soup version 0.25-a0-200-g5ba96148f3 (console) character file.

Game seed: 2474145850210574652, levelgen mode: deterministic

129 Kagalorn the Bolt Thrower (level 4, -1/38 HPs)
             Began as a Minotaur Hunter on Dec 2, 2019.
             Killed by divine providence
             ... invoked by an orc priest
              (11 damage)
             ... on level 3 of the Dungeon.
             The game lasted 00:03:14 (2021 turns).

Kagalorn the Bolt Thrower (Minotaur Hunter)         Turns: 2021, Time: 00:03:14

Health: -1/38      AC:  6    Str: 18    XL:     4   Next: 88%
Magic:  3/3        EV: 10    Int:  8    God:
Gold:   86         SH:  0    Dex: 10    Spells: 3/3 levels left

rFire    . . .     SeeInvis .   b - +0 short sword
rCold    . . .     Gourm    .   (no shield)
rNeg     . . .     Faith    .   p - +0 scale mail
rPois    .         Spirit   .   (helmet restricted)
rElec    .         Reflect  .   (no cloak)
rCorr    .         Harm     .   (no gloves)
MR       .....                  (no boots)
Stlth    ..........             (no amulet)
HPRegen  0.12/turn              (no ring)
MPRegen  0.08/turn              (no ring)

@: no status effects
A: retaliatory headbutt, horns 2
a: no special abilities


You were on level 3 of the Dungeon.
You were hungry.

You visited 1 branch of the dungeon, and saw 3 of its levels.

You collected 86 gold pieces.

Inventory:

Hand Weapons
 a - a +1 hand crossbow
 b - a +0 short sword (weapon)
Missiles
 c - 4 javelins
 d - 64 bolts
 j - 13 poisoned darts (quivered)
Armour
 p - a +0 scale mail (worn)
Jewellery
 t - a +4 ring of intelligence
Scrolls
 e - a scroll of identify {unknown}
 h - a scroll of random uselessness {unknown}
 k - a scroll of enchant armour {unknown}
 m - a scroll of magic mapping {unknown}
 n - 4 scrolls of teleportation {unknown}
 o - 2 scrolls of remove curse {unknown}
 r - 3 scrolls of enchant weapon {unknown}
Potions
 g - a potion of heal wounds {unknown}
 i - a potion of invisibility {unknown}
 l - 2 potions of degeneration {unknown}
 q - 2 potions of mutation {unknown}
 s - a potion of magic {unknown}
Comestibles
 f - 11 rations


   Skills:
 + Level 3.1 Fighting
 + Level 6.6 Crossbows
 - Level 2.1 Dodging
 - Level 0.7 Stealth


You had 3 spell levels left.
You didn't know any spells.
Your spell library was empty.

Dungeon Overview and Level Annotations

Branches:
Dungeon (3/15)

Altars:


Innate Abilities, Weirdness & Mutations

You reflexively headbutt those who attack you in melee.
You have a pair of horns on your head.


Message History

The orc priest hits you but does no damage.
Your scale mail prevents you from hitting the orc priest.
The orc priest is lightly wounded.
The orc priest hits you with a +0 flail.
You hit the orc priest.
The orc priest is moderately wounded.
The orc priest misses you.
Your scale mail prevents you from hitting the orc priest.
The orc priest is moderately wounded.
The orc priest hits you with a +0 flail.
* * * LOW HITPOINT WARNING * * *
You hit the orc priest but do no damage.
You headbutt the orc priest.
The orc priest is heavily wounded.
The orc priest closely misses you.
You hit the orc priest but do no damage.
The orc priest is heavily wounded.
The orc priest mumbles some strange prayers to Beogh against you.
Beogh smites you!
You die...

.#
#.#.#####
..
#.#.#####
#.
#.#......
#.##
#†#######
#..# #†#
..# #.#
#.## #.#
#o.# #.#
....o..#@##
#.#
#..###.#..#
#.# #.##.#
#.# #. #.##
#.# #.
#..######.#
#.
#.........#
#.
##..#######
#.># ####


You could see an orc priest.

Vanquished Creatures
  Jessica (D:2)
  A worker ant (D:3)
  3 adders (D:2)
  An ooze (D:2)
  5 bats
  2 giant cockroaches
  9 goblins
  2 hobgoblins
  4 jackals (D:1)
  2 quokkas
  A ball python (D:1)
  3 frilled lizards (D:2)
  7 kobolds
  6 rats
47 creatures vanquished.

Notes
Turn   | Place    | Note
-------+----------+-------------------------------------------
     0 | D:1      | Kagalorn the Minotaur Hunter began the quest for the Orb.
     0 | D:1      | Reached XP level 1. HP: 18/18 MP: 0/0
   226 | D:1      | Reached XP level 2. HP: 19/25 MP: 1/1
   449 | D:1      | Reached skill level 5 in Crossbows
   757 | D:2      | Reached XP level 3. HP: 27/30 MP: 2/2
  1130 | D:2      | Reached skill level 6 in Crossbows
  1347 | D:2      | Reached XP level 4. HP: 37/37 MP: 3/3
  1575 | D:2      | Noticed Jessica
  1583 | D:2      | Killed Jessica
  2021 | D:3      | Killed from afar by an orc priest

Levels and vault maps discovered:
D:1:      psy_arrival_radial02, layout_loops_ring
D:2:      layout_basic, uniq_jessica
D:3:      layout_basic, first_ration, uniq_robin

Skill      XL: |  1  2  3  4 |
---------------+-------------+-----
Crossbows      | 5 6 |  6.6
Fighting       | 3 |  3.1
Dodging        | |  2.1
Stealth        | |  0.7

Action                   |  1- 3 |  4- 6 || total
-------------------------+-------+-------++-------
Melee: Short sword       |   102 |    45 ||   147
       Headbutt          |    13 |     6 ||    19
 Fire: Hand crossbow     |     1 |       ||     1
  Eat: Chunk             |     1 |     2 ||     3
Armor: Leather armour    |     5 |       ||     5
       Scale mail        |    39 |    15 ||    54
Dodge: Dodged            |    61 |    18 ||    79

Table legend:
 A = Non-vault XP
 B = Vault XP
 C = Vault XP percentage of total XP
 D = Non-vault monster count
 E = Vault monster count
 F = Vault count percentage of total count
                 A         B        C        D         E       F
            +---------+---------+-------+---------+---------+-------
      Total |     148 |      37 |  20.0 |      46 |       1 |   2.1
            +---------+---------+-------+---------+---------+-------
        D:1 |      26 |       0 |   0.0 |      16 |       0 |   0.0
        D:2 |      77 |      37 |  32.5 |      23 |       1 |   4.2
        D:3 |      45 |       0 |   0.0 |       7 |       0 |   0.0
            +---------+---------+-------+---------+---------+-------
